 Dungeon Crawl Stone Soup version 0.20.1-1-g8b1a95d (webtiles) character file.

4862 Mesmaeker13 the Skirmisher (level 10, -4/86 HPs)
             Began as a Demigod Fighter on Aug 21, 2017.
             Slain by a two-headed ogre
             ... wielding a +0 giant club
              (12 damage)
             ... on level 9 of the Dungeon.
             The game lasted 00:17:54 (10465 turns).

Mesmaeker13 the Skirmisher (Demigod Fighter)       Turns: 10465, Time: 00:17:55

Health: -4/86      AC: 15    Str: 21    XL:     10   Next: 5%
Magic:  13/13      EV:  9    Int: 16    God:
Gold:   166        SH: 11    Dex: 15    Spells: 9/9 levels left

rFire    . . .     SeeInvis .   a - +5 trident
rCold    . . .     Gourm    .   c - +0 shield
rNeg     . . .     Faith    .   m - +0 plate armour
rPois    +         Spirit   .   (no helmet)
rElec    .         Reflect  .   (no cloak)
rCorr    .         Harm     .   (no gloves)
MR       +....                  G - +1 pair of boots
Stlth    ..........             g - amulet of rage
Regen    0.3/turn               F - +4 ring of evasion
MPRegen  0.2/turn               H - ring of poison resistance

@: no status effects
A: high mp 1
a: Evoke Berserk Rage


You were on level 9 of the Dungeon.
You were hungry.

You visited 1 branch of the dungeon, and saw 9 of its levels.

You collected 446 gold pieces.
You spent 280 gold pieces at shops.

Inventory:

Hand Weapons
 a - a +5 trident (weapon)
 u - a +0 blowgun
 I - a +1 quarterstaff of speed
Missiles
 y - 12 tomahawks (quivered)
 A - 60 poisoned needles
Armour
 c - a +0 shield (worn)
 m - a +0 plate armour (worn)
 G - a +1 pair of boots (worn)
Jewellery
 g - an amulet of rage (around neck)
 F - a +4 ring of evasion (left hand)
 H - a ring of poison resistance (right hand)
Scrolls
 b - 2 scrolls of amnesia
 h - 4 scrolls of magic mapping
 i - 8 scrolls of remove curse
 j - a scroll of immolation {unknown}
 l - 2 scrolls of fear
 p - 3 scrolls of teleportation
 t - a scroll of recharging {unknown}
 w - a scroll of random uselessness {unknown}
 C - a scroll of enchant armour {unknown}
 K - a scroll of fog {unknown}
Potions
 r - 3 potions of curing
 s - 2 potions of haste
 z - 3 potions of flight {unknown}
 B - a potion of agility
 D - a potion of cancellation {unknown}
 E - 2 potions of brilliance {unknown}
 L - a potion of mutation {unknown}
Books
 e - a book of Misfortune

   Spells                             Type                      Level
   a - Confusing Touch                Hexes                        1
   b - Confuse                        Hexes                        3
   c - Gell's Gravitas                Translocation                3
   d - Petrify                        Transmutation/Earth          4
   e - Metabolic Englaciation         Hexes/Ice                    5
   f - Yara's Violent Unravelling     Hexes/Transmutation          5
 n - a book of Minor Magic

   Spells                             Type                      Level
   a - Magic Dart                     Conjuration                  1
   b - Blink                          Translocation                2
   c - Call Imp                       Summoning                    2
   d - Slow                           Hexes                        2
   e - Conjure Flame                  Conjuration/Fire             3
   f - Mephitic Cloud                 Conjuration/Poison/Air       3
Comestibles
 f - 4 bread rations
 k - 5 meat rations
 q - 9 fruits
 v - 7 royal jellies


   Skills:
 + Level 7.5 Fighting
 + Level 7.2 Polearms
 + Level 7.4 Armour
 + Level 7.4 Shields


You had 9 spell levels left.
You didn't know any spells.

Dungeon Overview and Level Annotations

Branches:
Dungeon (9/15)             Temple (0/1) D:7
   Lair: D:8-11         Orc: D:9-12

Shops:
D:4 =   D:5 =   D:6 *


Innate Abilities, Weirdness & Mutations

You have an increased reservoir of magic. (+10% MP)


Message History

The two-headed ogre is heavily wounded.
You block the two-headed ogre's attack.
The two-headed ogre hits you with a giant club!
You hit the two-headed ogre but do no damage.
The two-headed ogre is heavily wounded.
You block the two-headed ogre's attack.
The two-headed ogre hits you with a giant club!
* * * LOW HITPOINT WARNING * * *
You hit the two-headed ogre but do no damage.
The two-headed ogre is heavily wounded.
The two-headed ogre looks more healthy.
You puncture the two-headed ogre!
The two-headed ogre is severely wounded.
The two-headed ogre hits you with a giant club!
* * * LOW HITPOINT WARNING * * *
You block the two-headed ogre's attack.
You hit the two-headed ogre.
The two-headed ogre is severely wounded.
The two-headed ogre hits you with a giant club!
You die...

# .. #.###. ##
##.#... .#
.......#.#
#.......#####
##.....[. ...#
...O....####.####
#######..#......#
.........((O@##.#
...........####.####
..........## #...<#
..........# ######
.##########


You could see a two-headed ogre.

Vanquished Creatures
  A two-headed ogre (D:8)
  The ghost of dscm the Chopper, an amateur HOFi (D:4)
  A hornet (D:8)
  A hippogriff (D:8)
  Sigmund (D:2)
  Eustachio (D:5)
  Edmund (D:6)
  3 sky beasts
  A black bear (D:8)
  3 orc warriors
  3 ogres
  2 centaurs
  2 bullfrogs
  2 scorpions
  5 killer bees (D:7)
  4 wights
  3 howler monkeys
  4 crimson imps (D:6)
  A bullfrog zombie (D:8)
  A quasit (D:8)
  A bullfrog skeleton (D:4)
  4 orc wizards
  4 hounds
  3 orc priests
  5 iguanas
  3 jellies
  2 centaur skeletons
  An iron imp (D:6)
  8 worker ants
  Natasha (twice) (D:2)
  A worker ant zombie (D:8)
  6 gnolls
  A howler monkey skeleton (D:5)
  11 adders
  4 shadow imps
  An ooze (D:2)
  An adder zombie (D:8)
  3 worms
  The ghost of dscm the Skirmisher, a weakling HOFi (D:3)
  2 dart slugs
  6 leopard geckos
  22 orcs
  5 giant cockroaches
  11 goblins
  11 hobgoblins
  8 jackals
  9 kobolds
  4 quokkas
  A ball python (D:2)
  11 bats
  5 frilled lizards
  A jackal zombie (D:7)
  2 leopard gecko skeletons
  A quokka zombie (D:5)
  4 rats
  A spectral orc (D:3)
207 creatures vanquished.

Notes
Turn   | Place    | Note
-------+----------+-------------------------------------------
     0 | D:1      | Mesmaeker13 the Demigod Fighter began the quest for the Orb.
     0 | D:1      | Reached XP level 1. HP: 18/18 MP: 3/3
    90 | D:1      | Reached XP level 2. HP: 9/25 MP: 4/4
   532 | D:1      | Found a sparkling altar of Nemelex Xobeh.
  1024 | D:1      | Reached XP level 3. HP: 31/31 MP: 5/5
  1186 | D:2      | Noticed Sigmund
  1428 | D:2      | Killed Sigmund
  1428 | D:2      | Reached XP level 4. HP: 39/39 MP: 6/6
  1428 | D:2      | Reached XP level 5. HP: 45/45 MP: 7/7
  1451 | D:2      | Noticed Natasha
  1465 | D:2      | Killed Natasha
  1664 | D:2      | Noticed Natasha
  1679 | D:2      | Killed Natasha
  2082 | D:3      | Noticed dscm's ghost (weakling HOFi)
  2297 | D:3      | Reached XP level 6. HP: 50/52 MP: 8/8
  2532 | D:3      | Found a basalt altar of Yredelemnul.
  2640 | D:3      | Killed dscm's ghost
  3545 | D:4      | Reached XP level 7. HP: 60/60 MP: 9/9
  3687 | D:4      | Found Xuxoresch's Jewellery Emporium.
  3688 | D:4      | Noticed dscm's ghost (amateur HOFi)
  3712 | D:4      | Killed dscm's ghost
  3728 | D:4      | Reached skill level 5 in Shields
  4174 | D:4      | Found a white marble altar of Elyvilon.
  4294 | D:5      | Entered Level 5 of the Dungeon
  4355 | D:5      | Noticed Eustachio
  4985 | D:5      | Reached skill level 5 in Fighting
  5040 | D:5      | Killed Eustachio
  5040 | D:5      | Reached skill level 5 in Armour
  5105 | D:5      | Reached XP level 8. HP: 68/68 MP: 10/10
  5111 | D:5      | Reached skill level 5 in Polearms
  5360 | D:5      | Found Derobog's Jewellery Emporium.
  5905 | D:6      | Found Zin's Purification Station.
  5914 | D:6      | Found a glowing silver altar of Zin.
  6013 | D:6      | Found a snail-covered altar of Cheibriados.
  6302 | D:6      | Found a hazy altar of Hepliaklqana.
  6368 | D:6      | Noticed Edmund
  6383 | D:6      | Killed Edmund
  6826 | D:6      | Found an ancient bone altar of Kikubaaqudgha.
  6863 | D:6      | Found a deep blue altar of Sif Muna.
  6971 | D:5      | Bought an uncursed ring of poison resistance for 280 gold pieces
  7301 | D:7      | Reached XP level 9. HP: 75/75 MP: 11/11
  7829 | D:7      | Found a staircase to the Ecumenical Temple.
  9778 | D:8      | Noticed a two-headed ogre
  9795 | D:8      | Killed a two-headed ogre
  9795 | D:8      | Reached XP level 10. HP: 40/86 MP: 13/13
 10448 | D:9      | Noticed a two-headed ogre
 10465 | D:9      | Slain by a two-headed ogre

Skill      XL: |  1  2  3  4  5  6  7  8  9 |
---------------+----------------------------+-----
Polearms       | 2 3 4 6 7 |  7.2
Shields        | 3 4 5 6 7 |  7.4
Fighting       | 3 4 5 6 7 |  7.5
Armour         | 3 4 5 6 7 |  7.4

Action                   |  1- 3 |  4- 6 |  7- 9 | 10-12 || total
-------------------------+-------+-------+-------+-------++-------
Melee: Trident           |   138 |   192 |   732 |    29 ||  1091
 Fire: Blowgun           |       |       |     4 |     2 ||     6
Throw: Tomahawk          |       |     2 |     7 |       ||     9
 Abil: Evoke Berserk Rag |     1 |     4 |     7 |       ||    12
Evoke: Wand              |       |       |     9 |       ||     9
  Use: Scroll            |     2 |     2 |    11 |       ||    15
       Potion            |       |       |     7 |       ||     7
 Stab: Paralysed         |       |       |     1 |       ||     1
  Eat: Chunk             |     2 |    11 |    27 |     2 ||    42
Armor: Chain mail        |    65 |    42 |       |       ||   107
       Scale mail        |     3 |       |       |       ||     3
       Plate armour      |       |    22 |   367 |     4 ||   393
Dodge: Dodged            |    16 |    35 |   168 |     2 ||   221
Block: Shield            |    61 |    92 |   412 |    12 ||   577
